 Dungeon Crawl Stone Soup version 0.28-a0-691-gad6df49e81 (webtiles) character file.

Game seed: 9566603914904868284

2895 freelancePsychic the Thaumaturge (level 10, -7/73 HPs)
             Began as a Djinni Earth Elementalist on Oct 22, 2021.
             Was a Follower of Ru.
             Shot with a bolt by an orc warrior (23 damage)
             ... in a bailey.
             The game lasted 00:16:34 (9349 turns).

freelancePsychic the Thaumaturge (DjEE)             Turns: 9349, Time: 00:16:35

Health: -7/73      AC:  5    Str:  7    XL:     10   Next: 5%
Gold:   1144       EV: 10    Int: 23    God:    Ru [*.....] SH:  0 Dex: 17

rFire   + + .      SeeInvis .   b - staff of conjuration
rCold   x . .      Faith    .   (no shield)
rNeg    . . .      Spirit   .   i - +0 robe
rPois   ∞          Reflect  .   (no helmet)
rElec   .          Harm     .   m - +2 cloak of Henotheism {rF- Will+ Int+2 Dex+4}
rCorr   .          Rampage  .   (no gloves)
Will    ++...                   (boots unavailable)
Stlth   ++........              (no amulet)
HPRegen 0.22/turn               q - ring of protection from fire
MPRegen 0.00/turn               (no ring)

@: about to teleport, flying, hasted, very quick
A: sickness immunity, fire resistance 2, cold vulnerability 1, reduced EV 1,
float, innate caster, hp casting, extra vitality 1
a: Renounce Religion


You were in a bailey.
You worshipped Ru.
Ru was aware of your devotion.
You visited 1 branch of the dungeon, and saw 7 of its levels.
You also visited: Bailey.

You collected 1158 gold pieces.
You spent 14 gold pieces at shops.

Inventory:

Hand Weapons
 a - a +2 vampiric dagger
Missiles
 c - 172 stones
Armour
 i - a +0 robe (worn)
 m - the +2 cloak of Henotheism (worn) {rF- Will+ Int+2 Dex+4}
   (You acquired it on level 6 of the Dungeon)

   Int:       It affects your intelligence (+2).
   Dex:       It affects your dexterity (+4).
   rF:        It makes you vulnerable to fire.
   Will:      It increases your willpower.
Magical Staves
 b - a staff of conjuration (weapon)
Jewellery
 q - a ring of protection from fire (left hand)
Wands
 k - a wand of flame (15)
 n - a wand of iceblast (7)
 p - a wand of charming (11)
 s - a wand of acid (14)
Scrolls
 f - 5 scrolls of teleportation {@r4}
 h - 2 scrolls of identify {@r1}
 j - a scroll of silence
 r - a scroll of brand weapon
Potions
 d - 2 potions of haste {@q3}
 e - a potion of lignification {unknown}
 g - 4 potions of attraction {unknown}
 l - a potion of ambrosia {unknown}
 o - a potion of brilliance {unknown}


   Skills:
 + Level 6.8 Fighting
 + Level 6.1 Dodging
 - Level 1.5 Stealth
 * Level 8.0 Spellcasting


You had 5 spell levels left.
You knew the following spells:

 Your Spells              Type           Power      Damage    Failure   Level
a - Sandblast             Erth           92%        2d19      1%          1
b - Passwall              Tmut/Erth      38%        N/A       1%          2
c - Stone Arrow           Conj/Erth      100%       3d13      1%          3
d - Olgreb's Toxic Radia  Pois           46%        N/A       2%          4
e - Apportation           Tloc           92%        N/A       1%          1
f - Static Discharge      Conj/Air       62%        N/A       1%          2
g - Summon Guardian Gole  Hex/Summ       46%        N/A       1%          3
h - Petrify               Tmut/Erth      46%        N/A       2%          4
Your spell library was empty.

Dungeon Overview and Level Annotations

Branches:
Dungeon (7/15)             Temple (0/1) D:7          Bailey (1/1)

Altars:
Ru
Sif Muna
Vehumet
Wu Jian
Zin

Shops:
D:1 !


Innate Abilities, Weirdness & Mutations

You are immune to sickness and miasma.
You are immune to poison.
Your flesh is very heat resistant. (rF++)
You are vulnerable to cold. (rC-)
You have somewhat slow reflexes. (EV -5)
You float through the air rather than walking.
You learn spells naturally, not from books.
Your magical power is your life essence.
You have superior vitality. (+4 HP)


Message History

Confirm with . or Enter, or press ? or * to list all spells.
Okay, then.
An orc warrior is nearby!
Casting: Stone Arrow (safe; 1% risk of failure)
Confirm with . or Enter, or press ? or * to list all spells.
Aiming: Petrify (dangerous; 2% risk of failure)
Press: ? - help, Shift-Dir - straight line, f - orc warrior
Aim: an orc warrior, wielding a +0 arbalest, wearing a +0 ring mail and quivering bolts (severely wounded, chance to affect: 71%)
The orc warrior struggles to resist.
The orc warrior shoots a bolt.
The bolt hits you!
Casting: Petrify (dangerous; 2% risk of failure)
Confirm with . or Enter, or press ? or * to list all spells.
Aiming: Petrify (dangerous; 2% risk of failure)
Press: ? - help, Shift-Dir - straight line, f/p - orc warrior
Aim: an orc warrior, wielding a +0 arbalest, wearing a +0 ring mail and quivering bolts (severely wounded, chance to affect: 71%)
The orc warrior struggles to resist.
The orc warrior shoots a bolt.
The bolt hits you!
There is a gate leading back out of this place here.
Items here: ( )) [[ †.
Found a gate leading back out of this place.
You start resting.
An orc warrior is nearby!
You start resting.
An orc warrior is nearby!
You start resting.
An orc warrior is nearby!
You start resting.
An orc is nearby!
The orc warrior shoots a bolt.
The bolt hits you!!
* * * LOW HITPOINT WARNING * * *
You hear a shout!
The orc shoots a bolt.
The bolt closely misses you.
The orc shoots a bolt.
The bolt hits you but does no damage.
The orc shoots a bolt.
The bolt hits you.
* * * LOW HITPOINT WARNING * * *
The orc warrior is stunned by your conviction and fails to attack.
It was a potion of haste.
You feel yourself speed up.
As you read the scroll of teleportation {@r4}, it crumbles to dust.
You feel strangely unstable.
The orc warrior shoots a bolt.
The bolt hits you!!
You die...

...........................#
...........................#
...........................#
...........................#
...........................#
...............≈≈≈≈≈.......#
..............≈≈#.#≈≈......#
..............≈##.##≈......#
......).......≈.@^..≈o.....#
..............≈#∩.##≈......#
.....###......≈.#.#≈≈......#
..#### ####....≈≈≈≈≈.......#
.## ##......o........# ##
##..............# #
#..............# #
##............. #..........


You could see an orc warrior and an orc.

Vanquished Creatures
  2 yaks (D:7)
  A steam dragon (D:7)
  5 orc warriors (Bailey)
  A black bear (D:5)
  A sky beast (D:6)
  A necrophage (D:5)
  A phantom (D:6)
  Blork the orc (D:6)
  A bullfrog (D:6)
  2 scorpions
  A water moccasin zombie (D:5)
  5 killer bees (D:6)
  8 wights
  A howler monkey (D:6)
  5 hounds
  A bullfrog zombie (D:6)
  2 orc priests (D:7)
  A bullfrog skeleton (D:5)
  A jelly (D:5)
  A centaur skeleton (D:5)
  5 orc wizards
  A hound zombie (D:5)
  2 gnolls (D:7)
  11 adders
  A shadow imp (D:6)
  3 worms
  2 dart slugs
  36 orcs
  6 endoplasms
  6 giant cockroaches
  11 goblins
  13 hobgoblins
  8 jackals (D:4)
  3 quokkas
  13 ball pythons
  4 bats
  7 frilled lizards
  7 kobolds
  6 rats
187 creatures vanquished.

Notes
Turn   | Place    | Note
-------+----------+-------------------------------------------
     0 | D:1      | freelancePsychic the Djinni Earth Elementalist began the
                  | quest for the Orb.
     0 | D:1      | Reached XP level 1. HP: 15/15 MP: 0/0
    23 | D:1      | Found Plog's Distillery.
   235 | D:1      | Bought a potion of degeneration for 14 gold pieces
   330 | D:1      | Reached XP level 2. HP: 21/22 MP: 0/0
   496 | D:1      | Reached skill level 1 in Fighting
   680 | D:1      | Reached XP level 3. HP: 26/27 MP: 0/0
   680 | D:1      | Learned a level 1 spell: Apportation
   719 | D:1      | Reached skill level 3 in Spellcasting
  1308 | D:2      | Reached XP level 4. HP: 27/32 MP: 0/0
  1793 | D:2      | Found a faded altar of an unknown god.
  1795 | D:2      | Noticed an eye of devastation
  1800 | D:2      | Noticed a golden eye
  1800 | D:2      | Noticed a floating eye
  1800 | D:2      | Noticed an eye of devastation
  2249 | D:2      | Reached XP level 5. HP: 37/38 MP: 0/0
  2249 | D:2      | Learned a level 2 spell: Static Discharge
  2886 | D:3      | Reached skill level 4 in Spellcasting
  3179 | D:3      | Reached XP level 6. HP: 36/45 MP: 0/0
  3609 | D:3      | You are sucked into a shaft and drop 3 floors!
  3615 | D:5      | Entered Level 5 of the Dungeon
  4202 | D:3      | Found a sacrificial altar of Ru.
  4225 | D:3      | Became a worshipper of Ru the Awakened
  5053 | D:4      | Reached XP level 7. HP: 47/50 MP: 0/0
  5053 | D:4      | Learned a level 3 spell: Summon Guardian Golem
  5534 | D:4      | Found an ornate altar of the Wu Jian Council.
  5567 | D:4      | Reached skill level 5 in Spellcasting
  6029 | D:5      | Gained mutation: You have somewhat slow reflexes. (EV -5)
                  | [Ru sacrifice]
  6029 | D:5      | Reached * piety under Ru
  6189 | D:5      | Reached XP level 8. HP: 33/58 MP: 0/0
  7025 | D:5      | Reached skill level 6 in Spellcasting
  7146 | D:6      | Reached skill level 5 in Fighting
  7289 | D:6      | Identified a scroll of acquirement
  7290 | D:6      | Acquired the +2 cloak of Henotheism {rF- Will+ Int+2 Dex+4}
  7365 | D:6      | Noticed Blork the orc
  7368 | D:6      | Killed Blork the orc
  7371 | D:6      | Reached XP level 9. HP: 46/65 MP: 0/0
  7371 | D:6      | Learned a level 4 spell: Olgreb's Toxic Radiance
  7632 | D:6      | Acquired 866 gold pieces
  7711 | D:6      | Found a glowing silver altar of Zin.
  7910 | D:6      | Reached skill level 7 in Spellcasting
  8116 | D:7      | Reached skill level 5 in Dodging
  8359 | D:7      | Found a staircase to the Ecumenical Temple.
  8378 | D:7      | Found a flagged portal.
  8394 | Bailey   | Entered a bailey
  9295 | Bailey   | Reached skill level 8 in Spellcasting
  9295 | Bailey   | Reached XP level 10. HP: 62/73 MP: 0/0
  9349 | Bailey   | Shot with a bolt by an orc warrior

Illustrated notes

Levels and vault maps discovered:
D:1:      lemuel_arrival_broad_hall, layout_basic, serial_shops, shop_fountains
D:2:      layout_loops_ring, hellmonk_ecumenical_altar_watching_god,
          minmay_vboxes
D:3:      layout_basic, vehumet_altar_wand_db, general_overflow_altar
D:4:      layout_loops_cross, led_sif_book, nicolae_wu_jian_immortal_techniques,
          palyth_stone_intersect, minivault_19
D:5:      layout_loops_ring
D:6:      layout_rooms, zin_scriptorium, minivault_25, uniq_blork_the_orc
D:7:      layout_loops_ring, minmay_temple_entry_junction, enter_bailey_2,
          serial_shops, kennysheep_mini, nicolae_square_shop, shop, uniq_pikel
Bailey:   bailey_polearm_2, bailey

Skill      XL: |  1  2  3  4  5  6  7  8  9 |
---------------+----------------------------+-----
Fighting       | 1 2 3 4 5 6 |  6.8
Spellcasting   | 3 4 5 6 8 |  8.0
Dodging        | 4 6 |  6.1
Stealth        | |  1.5

Action                   |  1- 3 |  4- 6 |  7- 9 | 10-12 || total
-------------------------+-------+-------+-------+-------++-------
Melee: Dagger            |    54 |    39 |       |       ||    93
       Staff             |       |     2 |     2 |       ||     4
 Cast: Sandblast         |    28 |    27 |       |       ||    55
       Static Discharge  |       |    28 |    22 |       ||    50
       Stone Arrow       |       |    35 |    81 |     1 ||   117
       Summon Guardian G |       |       |     1 |       ||     1
       Olgreb's Toxic Ra |       |       |    19 |       ||    19
       Petrify           |       |       |       |     2 ||     2
Invok: Sacrifice Health  |       |       |     1 |       ||     1
  Use: Scroll            |     2 |     2 |     4 |     1 ||     9
       Potion            |       |       |       |     1 ||     1
 Stab: Sleeping          |     2 |     3 |       |       ||     5
Armor: Robe              |     9 |     7 |    10 |     1 ||    27
Dodge: Dodged            |    48 |    50 |    15 |     1 ||   114

Table legend: (Time is in decaauts)
 A = Elapsed time spent in this place.
 B = Non-inter-level travel time spent in this place.
 C = Inter-level travel time spent in this place.
 D = Time resting spent in this place.
 E = Time spent auto-exploring this place.
 F = Levels seen in this place.
 G = Mean time per level.
                   A        B        C        D        E       F      G
               +--------+--------+--------+--------+--------+-----+--------+
         Total |   9356 |   9210 |    146 |   2056 |   6045 |   8 | 1169.5 |
       Dungeon |   8401 |   8255 |    146 |   1251 |   5993 |   7 | 1200.1 |
        Bailey |    954 |    954 |      0 |    805 |     52 |   1 |  954.0 |
               +--------+--------+--------+--------+--------+-----+--------+

Top non-repeatable levels by time:
     D:5: 1756 daAuts
     D:2: 1515 daAuts
     D:4: 1432 daAuts
     D:1: 1268 daAuts
     D:6: 1262 daAuts
     D:3: 1041 daAuts
  Bailey: 954 daAuts
     D:7: 125 daAuts
